 Dungeon Crawl Stone Soup version 0.20.0 (webtiles) character file.

5813 Danakh the Zephyrmancer (level 11, -16/54 HPs)
             Began as a Kobold Air Elementalist on June 2, 2017.
             Was a Priest of Sif Muna.
             Demolished by a quicksilver dragon simulacrum (27 damage)
             ... on level 3 of the Abyss.
             The game lasted 00:57:02 (10299 turns).

Danakh the Zephyrmancer (Kobold Air Elementalist)  Turns: 10299, Time: 00:57:03

Health: -16/54     AC:  6    Str: 10    XL:     11   Next: 7%
Magic:  14/33      EV: 19    Int: 20    God:    Sif Muna [***...]
Gold:   364        SH:  0    Dex: 17    Spells: 17/29 levels left

rFire    . . .     SeeInvis .   E - +4 war axe of the Ninety-Nine Wishes {pain, Str+4}
rCold    . . .     Gourm    .   (shield restricted)
rNeg     . . .     Faith    .   v - +1 robe "Namoiraz" {Dex+2}
rPois    +         Spirit   .   (no helmet)
rElec    .         Reflect  .   o - +1 cloak {rPois}
rCorr    .         Harm     .   n - +0 pair of gloves
MR       .....                  (no boots)
Stlth    ++++......             (no amulet)
Regen    0.2/turn               m - ring of stealth
MPRegen  0.3/turn               q - ring of magical power

@: no status effects
A: carnivore 3
a: Divine Energy, Channel Magic, Renounce Religion


You were on level 3 of the Abyss.
You worshipped Sif Muna.
Sif Muna was most pleased with you.
You were not hungry.

You visited 2 branches of the dungeon, and saw 10 of its levels.
You visited the Abyss 1 time.

You collected 546 gold pieces.
You spent 171 gold pieces at shops.
You donated 11 gold pieces to Zin.

Inventory:

Hand Weapons
 E - the +4 war axe of the Ninety-Nine Wishes (weapon) {pain, Str+4}
   (You found it on level 4 of the Dungeon)

   In the hands of one skilled in necromantic magic, it inflicts extra damage on
   living creatures.
   It affects your strength (+4).
Armour
 n - a +0 pair of gloves (worn)
 o - a +1 cloak of poison resistance (worn)
 v - the +1 robe "Namoiraz" (worn) {Dex+2}
   (You found it on level 8 of the Dungeon)

   It affects your dexterity (+2).
 A - a +2 robe of magic resistance
Jewellery
 m - a ring of stealth (left hand)
 q - a ring of magical power (right hand)
 u - an uncursed ring of fire
Wands
 w - a wand of iceblast (8/15)
 x - a wand of confusion (35/48)
 y - a wand of scattershot (4/9)
 z - a wand of random effects (43/48)
 D - a wand of random effects (13/48)
 G - a wand of flame (15/48)
Scrolls
 a - a scroll of magic mapping
 h - a scroll of recharging
 i - 4 scrolls of fog
 s - a scroll of remove curse
 B - a scroll of enchant armour
 C - 2 scrolls of teleportation
 H - a scroll of vulnerability
 J - 3 scrolls of enchant weapon
Potions
 d - 4 potions of lignification
 e - 4 potions of brilliance
 f - 2 potions of resistance
 g - a potion of haste
 j - 2 potions of mutation {unknown}
 k - 2 potions of berserk rage {unknown}
 l - 2 potions of might {unknown}
 p - 3 potions of curing
 t - 2 potions of heal wounds {unknown}
 F - a potion of flight
 K - a potion of ambrosia
Books
 b - a book of Air

   Spells                             Type                      Level
   a - Shock                          Conjuration/Air              1
   b - Swiftness                      Charms/Air                   2
   c - Static Discharge               Conjuration/Air              3
   d - Airstrike                      Air                          4
   e - Lightning Bolt                 Conjuration/Air              5
 I - a book of Changes

   Spells                             Type                      Level
   a - Beastly Appendage              Transmutation                1
   b - Sticks to Snakes               Transmutation                2
   c - Spider Form                    Transmutation/Poison         3
   d - Ice Form                       Ice/Transmutation            4
   e - Blade Hands                    Transmutation                5
Comestibles
 c - 6 meat rations
 r - 4 royal jellies


   Skills:
 - Level 6.1 Dodging
 - Level 6.2 Stealth
 * Level 9.5 Spellcasting
 + Level 6.7 Conjurations
 * Level 9.7 Air Magic


You had 17 spell levels left.
You knew the following spells:

 Your Spells              Type           Power        Failure   Level  Hunger
a - Shock                 Conj/Air       ####         1%          1    None
f - Airstrike             Air            #####.....   1%          4    ##.....
g - Lightning Bolt        Conj/Air       #####.....   7%          5    #####..
n - Swiftness             Chrm/Air       ####....     1%          2    None


Dungeon Overview and Level Annotations

Branches:
Dungeon (9/15)             Temple (1/1) D:6            Lair (0/6) D:8
    Orc: D:9-12

Altars:
Ashenzari
Cheibriados
Dithmenos
Elyvilon
Fedhas
Gozag
Hepliaklqana
Kikubaaqudgha
Makhleb
Nemelex Xobeh
Okawaru
Ru
Sif Muna
Trog
Uskayaw
Vehumet
Xom
Yredelemnul
Zin
The Shining One

Shops:
D:4 [=[

Annotations:
D:9 Erolcha


Innate Abilities, Weirdness & Mutations

You are small and have problems with some larger weapons.
You are carnivorous and can eat meat at any time.


Message History

Aiming: Airstrike
Press: ? - help, Dir - move target cursor, f/p - raiju
Aim: a raiju (severely wounded)
The air twists around and strikes the raiju!
You kill the raiju!
You can now call upon Sif Muna for magical energy.
Casting: Airstrike
Confirm with . or Enter, or press ? or * to list all spells.
Aiming: Airstrike
Press: ? - help, Dir - move target cursor, f - quicksilver dragon simulacrum
Aim: a quicksilver dragon simulacrum The air twists around and violently strikes the quicksilver dragon simulacrum!
The quicksilver dragon simulacrum is moderately damaged.
The quicksilver dragon simulacrum bites you.
The quicksilver dragon simulacrum freezes you!!
The quicksilver dragon simulacrum claws you!
* * * LOW HITPOINT WARNING * * *
The quicksilver dragon simulacrum freezes you!!
Ouch! That really hurt!
You die...

.##..
.(....ยง
#......
#.. .# .
#.. ..
##.. #.#
.....# #.#
.....#
#Z##.....#
#.@'.....#
#.##.....#
#.# .#####
#.# .# #.#
.# #.# 5#
#.# . #.
#. #. ...
.


You could see a quicksilver dragon simulacrum.

Vanquished Creatures
  A mana viper (Abyss:2)
  The ghost of Eucla the Cleaver, a novice HOFi of Nemelex Xobeh (D:5)
  A komodo dragon (D:8)
  Grinder (D:4)
  A raiju (Abyss:3)
  Sigmund (D:2)
  Eustachio (D:4)
  Duvessa (D:4)
  2 water moccasins
  A large abomination (Abyss:3)
  3 orc warriors
  A sky beast (D:7)
  2 ice beasts
  A phantom (D:7)
  A black bear (D:9)
  A necrophage (D:6)
  3 ogres
  5 centaurs
  Blork the orc (D:6)
  6 bullfrogs
  A wyvern zombie (D:6)
  Dowan (D:4)
  2 scorpions
  A water moccasin skeleton (D:8)
  2 crimson imps
  2 centaur zombies (D:5)
  A quasit (Abyss:2)
  Crazy Yiuf (D:2)
  A bullfrog skeleton (D:5)
  6 hounds
  An iron imp (Abyss:2)
  A jelly (D:6)
  7 orc priests
  11 orc wizards
  A centaur skeleton (D:8)
  3 iguanas
  Natasha (thrice) (D:2)
  4 worker ants
  A killer bee zombie (D:5)
  A hound skeleton (D:8)
  12 adders
  A shadow imp (D:8)
  A white imp (Abyss:2)
  4 oozes
  An adder skeleton (D:8)
  An adder zombie (D:6)
  7 worms
  A dart slug (D:2)
  3 leopard geckos (D:4)
  28 orcs
  5 giant cockroaches
  13 goblins
  5 hobgoblins
  7 jackals
  7 kobolds
  5 quokkas
  7 bats
  6 frilled lizards
  A jackal zombie (D:4)
  5 rats
  A plant (D:8)
207 creatures vanquished.

Vanquished Creatures (others)
  A plant (D:8)
  4 starspawn tentacles (Abyss:3)
5 creatures vanquished.

Grand Total: 212 creatures vanquished

Notes
Turn   | Place    | Note
-------+----------+-------------------------------------------
     0 | D:1      | Danakh the Kobold Air Elementalist began the quest for the Orb.
     0 | D:1      | Reached XP level 1. HP: 10/10 MP: 3/3
   293 | D:1      | Reached XP level 2. HP: 15/15 MP: 0/5
   356 | D:1      | Learned a level 2 spell: Swiftness
   780 | D:1      | Reached XP level 3. HP: 19/19 MP: 1/6
  1072 | D:2      | Noticed Natasha
  1153 | D:2      | Killed Natasha
  1153 | D:2      | Reached XP level 4. HP: 20/24 MP: 1/8
  1214 | D:2      | Noticed Sigmund
  1291 | D:1      | Learned a level 4 spell: Airstrike
  1436 | D:2      | Killed Sigmund
  1436 | D:2      | Reached XP level 5. HP: 26/28 MP: 0/10
  1436 | D:2      | Reached XP level 6. HP: 29/32 MP: 0/11
  1620 | D:2      | Noticed Natasha
  1703 | D:2      | Killed Natasha
  2242 | D:2      | Noticed Natasha
  2251 | D:2      | Killed Natasha
  2306 | D:2      | Found a runed door.
  2562 | D:2      | Noticed Crazy Yiuf
  2566 | D:2      | Killed Crazy Yiuf
  2629 | D:3      | Found a glowing silver altar of Zin.
  2759 | D:3      | Found a faded altar of an unknown god.
  2780 | D:3      | Reached XP level 7. HP: 36/36 MP: 13/13
  2908 | D:3      | Became a worshipper of Zin the Law-Giver
  2908 | D:3      | Reached * piety under Zin
  2908 | D:3      | Reached ** piety under Zin
  3446 | D:3      | Fell from the grace of Zin
  3499 | D:4      | Noticed Grinder
  3511 | D:4      | Killed Grinder
  3511 | D:4      | Reached skill level 5 in Stealth
  3511 | D:4      | Reached skill level 5 in Air Magic
  3511 | D:4      | Reached XP level 8. HP: 41/41 MP: 0/15
  3657 | D:4      | Found Fitzikhi's Antique Armour Boutique.
  3688 | D:4      | Found Soedimeu's Jewellery Emporium.
  3785 | D:4      | Noticed Duvessa
  3793 | D:4      | Learned a level 5 spell: Lightning Bolt
  3825 | D:4      | Killed Duvessa
  3839 | D:4      | Noticed Dowan
  3842 | D:4      | Killed Dowan
  3842 | D:4      | Reached skill level 5 in Spellcasting
  3911 | D:4      | Found Poocyan's Armour Shop.
  4128 | D:4      | Got a jewelled war axe
  4129 | D:4      | Identified the +4 war axe of the Ninety-Nine Wishes {pain, Str+4} (You found it on level 4 of the Dungeon)
  4173 | D:4      | Noticed Eustachio
  4207 | D:4      | Killed Eustachio
  4552 | D:4      | Bought a dull robe for 171 gold pieces
  4562 | D:4      | Identified the cursed +1 robe of the Blue Moon {+Inv rPois rCorr Dex-5} (You bought it in a shop on level 4 of the Dungeon)
  4576 | D:5      | Entered Level 5 of the Dungeon
  4668 | D:5      | Reached skill level 5 in Dodging
  4787 | D:5      | Noticed Eucla's ghost (novice HOFi)
  5277 | D:5      | Killed Eucla's ghost
  5277 | D:5      | Reached XP level 9. HP: 45/45 MP: 0/18
  6047 | D:6      | Found a staircase to the Ecumenical Temple.
  6058 | Temple   | Entered the Ecumenical Temple
  6180 | Temple   | Became a worshipper of Sif Muna the Loreminder
  6239 | D:6      | Reached skill level 5 in Conjurations
  6445 | D:6      | Noticed Blork the orc
  6565 | D:6      | Found an iron altar of Okawaru.
  6668 | D:6      | Reached XP level 10. HP: 50/50 MP: 21/21
  7076 | D:5      | HP: 1/50 [orc warrior/short sword of venom (20)]
  7359 | D:6      | Killed Blork the orc
  7359 | D:6      | Reached * piety under Sif Muna
  8744 | D:8      | Reached ** piety under Sif Muna
  8752 | D:8      | Found a basalt altar of Yredelemnul.
  8944 | D:8      | Found a shadowy altar of Dithmenos.
  9132 | D:8      | Found a staircase to the Lair.
  9132 | D:8      | Noticed a komodo dragon
  9148 | D:8      | Killed a komodo dragon
  9488 | D:8      | Got a slimy robe
  9499 | D:8      | Identified the +1 robe "Namoiraz" {Dex+2} (You found it on level 8 of the Dungeon)
  9728 | D:9      | Noticed Erolcha
  9734 | D:9      | Cast into level 2 of the Abyss (Erolcha)
  9748 | Abyss:2  | Noticed a spatial maelstrom
  9789 | Abyss:2  | Noticed a smoke demon
  9842 | Abyss:2  | Found a snail-covered altar of Cheibriados.
  9859 | Abyss:2  | Noticed a sixfirhy
  9870 | Abyss:2  | Noticed a wretched star
  9884 | Abyss:2  | Found a sparkling altar of Nemelex Xobeh.
  9923 | Abyss:2  | Noticed a starcursed mass
  9964 | Abyss:2  | Noticed a large abomination
  9968 | Abyss:2  | Noticed a mana viper
  9979 | Abyss:2  | Killed a mana viper
  9979 | Abyss:2  | Reached XP level 11. HP: 54/54 MP: 22/24
 10002 | Abyss:2  | Noticed a wizard
 10011 | Abyss:2  | Noticed a cacodemon
 10012 | Abyss:2  | Noticed a sixfirhy
 10012 | Abyss:2  | Noticed a sixfirhy
 10092 | Abyss:3  | Noticed a worldbinder
 10201 | Abyss:3  | Noticed a tentacled starspawn
 10201 | Abyss:3  | Noticed a tentacled starspawn
 10219 | Abyss:3  | Noticed a worldbinder
 10298 | Abyss:3  | Reached *** piety under Sif Muna
 10299 | Abyss:3  | Demolished by a quicksilver dragon simulacrum

Skill      XL: |  1  2  3  4  5  6  7  8  9 10 |
---------------+-------------------------------+-----
Stealth        | 3 4 5 6 |  6.2
Dodging        | 3 4 5 6 |  6.1
Spellcasting   | 3 4 6 7 9 |  9.5
Conjurations   | 2 3 4 5 6 |  6.7
Air Magic      | 4 5 6 7 9 |  9.7

Action                   |  1- 3 |  4- 6 |  7- 9 | 10-12 || total
-------------------------+-------+-------+-------+-------++-------
Melee: Unarmed           |     1 |       |       |       ||     1
       Whip              |    11 |     1 |    11 |       ||    23
       War axe           |       |       |    15 |    24 ||    39
 Cast: Shock             |    64 |    71 |   143 |    80 ||   358
       Airstrike         |       |    10 |    89 |    97 ||   196
       Lightning Bolt    |       |       |       |     5 ||     5
       Swiftness         |       |       |       |     1 ||     1
Invok: Renounce Religion |       |       |     1 |       ||     1
       Divine Energy     |       |       |       |     1 ||     1
       Stop Divine Energ |       |       |       |     1 ||     1
  Use: Scroll            |       |     6 |     5 |     9 ||    20
       Potion            |       |       |       |     1 ||     1
 Stab: Sleeping          |       |       |     1 |       ||     1
  Eat: Chunk             |    12 |     9 |    31 |    14 ||    66
Armor: Robe              |     2 |     1 |    11 |    14 ||    28
Dodge: Dodged            |    27 |    12 |    81 |    50 ||   170
